 Seeded DCSS version 0.29-a0-356-g7bc237e783 (webtiles) character file.

Game seed: 13387057801375688922 (custom seed)

9 zeratav the Insei (level 2, 13/18 HPs)
             Began as an Octopode Transmuter on Apr 26, 2022.
             Quit the game on level 1 of the Dungeon.
             The game lasted 00:00:45 (401 turns).

zeratav the Insei (Octopode Transmuter)              Turns: 401, Time: 00:00:46

Health: 13/18      AC:  1    Str:  9    XL:     2   Next: 16%
Magic:  5/5        EV: 13    Int: 15    God:
Gold:   17         SH:  0    Dex: 12    Spells: 4/5 levels left

rFire   . . .      SeeInvis .     - Unarmed
rCold   . . .      Faith    .   (no shield)
rNeg    . . .      Spirit   .   (helmet restricted)
rPois   .          Reflect  .   (no amulet)
rElec   .          Harm     .   (no ring)
rCorr   .          Rampage  .   (no ring)
Will    .....                   (no ring)
Stlth   ++........              (no ring)
HPRegen 0.06/turn               (no ring)
MPRegen 0.09/turn               (no ring)
                                (no ring)
                                (no ring)

@: no status effects
A: almost no armour, amphibious, 8 rings, camouflage 1, gelatinous body 1,
(nimble swimmer 1), tentacles
a: no special abilities


You were on level 1 of the Dungeon.
You visited 1 branch of the dungeon, and saw 1 of its levels.

You collected 17 gold pieces.


Innate Abilities, Weirdness & Mutations

You cannot wear most types of armour.
You are amphibious.
You can wear up to eight rings at the same time.
Your skin changes colour to match your surroundings (Stealth+).
Your rubbery body absorbs attacks. (AC +1, EV +1)
((You are camouflaged when in or above water. (Stealth+)))
You have tentacles for arms and can constrict up to eight enemies at once.


   Skills:
 - Level 1.0 Fighting
 - Level 2.0 Dodging
 - Level 3.0 Unarmed Combat
 - Level 2.0 Spellcasting
 + Level 2.8 Transmutations


You had 4 spell levels left.
You knew the following spells:

 Your Spells              Type           Power      Damage    Failure   Level
a - Beastly Appendage     Tmut           20%        N/A       7%          1

Your spell library contained the following spells:

 Spells                   Type           Power      Damage    Failure   Level
 Wereblood                Tmut           10%        N/A       11%         2
 Spider Form              Tmut/Pois      5%         N/A       36%         3
 Ice Form                 Ice/Tmut       5%         N/A       77%         4

Inventory:

Jewellery
 d - the ring of the Hungering Gods {rF+ rC- rN+ rCorr Int+8}
   (You acquired it on level 1 of the Dungeon)

   [ring of positive energy]

   Int:       It affects your intelligence (+8).
   rF:        It protects you from fire.
   rC:        It makes you vulnerable to cold.
   rN:        It protects you from negative energy.
   rCorr:     It protects you from acid and corrosion.
Scrolls
 b - a scroll of teleportation {unknown}
 e - a scroll of enchant weapon {unknown}
Potions
 a - a potion of lignification {!q}
 c - 2 potions of curing {unknown}

Dungeon Overview and Level Annotations

Branches:
Dungeon (1/15)

Altars:

#########....#
...........#
#######....#
#.#### #†# #.#
#.# ######.#
##.@....#
#.)####.#
#........[.#
#.≈.≈.P.≈..#
#.≈...PP≈..#
...≈.#P#.≈..#
###.⌠. .#P⌠..#
#.⌠. _# ≈..#
#.≈. ## ⌠...


There were no monsters in sight!


Message History

You tentacle-slap the ball python. You grab the ball python.
You pierce the ball python.
You kill the ball python!
You tentacle-slap the goblin. You grab the goblin.
You constrict the goblin, but do no damage.
The goblin hits you with a +0 dagger.
* * * LOW HITPOINT WARNING * * *
You tentacle-slap the goblin. You constrict the goblin.
You kill the goblin!
You have reached level 2!
MP[+2]
You now have 18 max hp (+5).
Your mp is fully restored (5).
Your tentacle spike disappears.
Key pressed, stopping explore.
Things that are here:
a +0 dagger {short}; a goblin corpse; a ball python corpse HP[+12]
Your hp is fully restored (18).
You see here a +0 dagger {short}.
You see here a frilled lizard corpse.
You see here a +0 hunting sling {sling}.
d - a scroll labelled KECWAL DEYFETS You see here 16 stones {throwing}.
A rat comes into view.
One of your tentacles grows a vicious spike.
MP[-1]
You lost 1 mp, and now have 4/5 mp.
You tentacle-slap the rat.
You kill the rat!
No target in view!
No target in view!
No target in view!
No target in view!
No target in view!
No target in view!
No target in view!
No target in view!
No target in view!
No target in view!
No target in view!
No target in view!
No target in view!
No target in view!
Your transformation is almost over.
You see here a rat corpse.
A frilled lizard comes into view.
MP[+1]
Your mp is fully restored (5).
A frilled lizard is nearby!
A rat comes into view.
A goblin comes into view. It is wielding a +0 club.
Your tentacle spike disappears.
The frilled lizard hisses angrily.
The goblin shouts!
The frilled lizard closely misses you.
You see here a scroll labelled NEN UCINALEQE.
You tentacle-slap the goblin. You grab the goblin.
You tentacle-slap the goblin.
You kill the goblin!
The frilled lizard bites you.
HP[-1]
You take 1 damage, and now have 17/18 hp.
You closely miss the frilled lizard. Your grab misses the frilled lizard.
The frilled lizard closely misses you.
You closely miss the frilled lizard. Your grab misses the frilled lizard.
Your squeeze misses the frilled lizard. The frilled lizard barely misses you.
You tentacle-slap the frilled lizard. You grab the frilled lizard.
You constrict the frilled lizard, but do no damage.
The rat bites you. The frilled lizard barely misses you.
HP[-1]
You take 1 damage, and now have 16/18 hp.
You tentacle-slap the frilled lizard.
You kill the frilled lizard!
The rat closely misses you.
You barely miss the rat. You grab the rat.
You constrict the rat, but do no damage.
The rat closely misses you.
You barely miss the rat.
You tentacle-slap the rat, but do no damage.
You squeeze the rat, but do no damage. You constrict the rat.
The rat bites you.
HP[-3]
You take 3 damage, and now have 13/18 hp.
You are too injured to fight recklessly!
You are too injured to fight recklessly!
You are too injured to fight recklessly!
You are too injured to fight recklessly!
You are too injured to fight recklessly!
You are too injured to fight recklessly!
You are too injured to fight recklessly!
You are too injured to fight recklessly!
You tentacle-slap the rat.
You kill the rat!
Found a faded altar of an unknown god.
Things that are here:
a +0 club {mace}; a rat corpse This is a scroll of acquirement!
Something appears before you!
d - the ring of the Hungering Gods {rF+ rC- rN+ rCorr Int+8}
e - a scroll labelled NEN UCINALEQE Are you sure you want to abandon this character and quit the game? (Confirm with "yes".)

Action                   || total
-------------------------++-------
Melee: Unarmed           ||    22
       Constrict         ||     8
       Kick              ||     3
       Punch             ||     2
       Tentacles         ||     1
 Cast: Beastly Appendage ||     3
  Use: Scroll            ||     1
Dodge: Dodged            ||    11

Levels and vault maps discovered:
D:1:      saegor_arrival_fortress, layout_rooms,
          shapermc_ecumenical_altar_acropolis, hangedman_decor_riveting

Notes
Turn   | Place    | Note
-------+----------+-------------------------------------------
     0 | D:1      | zeratav the Octopode Transmuter began the quest for the
                  | Orb.
     0 | D:1      | Reached XP level 1. HP: 13/13 MP: 3/3
     0 | D:1      | magus.rc [v1.9.6]
   147 | D:1      | Reached XP level 2. HP: 6/18 MP: 5/5
   396 | D:1      | Found a faded altar of an unknown god.
   397 | D:1      | Identified a scroll of acquirement
   397 | D:1      | Acquired the ring of the Hungering Gods {rF+ rC- rN+ rCorr
                  | Int+8}
   401 | D:1      | Quit the game

Vanquished Creatures
  A ball python (D:1)
  A giant cockroach (D:1)
  3 goblins (D:1)
  3 frilled lizards (D:1)
  2 rats (D:1)
10 creatures vanquished.

Table legend:
 A = Non-vault XP
 B = Vault XP
 C = Vault XP percentage of total XP
 D = Non-vault monster count
 E = Vault monster count
 F = Vault count percentage of total count
                 A         B        C        D         E       F
            +---------+---------+-------+---------+---------+-------
      Total |      14 |       0 |   0.0 |      10 |       0 |   0.0
            +---------+---------+-------+---------+---------+-------
        D:1 |      14 |       0 |   0.0 |      10 |       0 |   0.0
            +---------+---------+-------+---------+---------+-------

Illustrated notes

Table legend:
 A = Kills in this place as a percentage of kills in entire the game.
 B = Kills by you in this place as a percentage of kills by you in the entire game.
 C = Kills by friends in this place as a percentage of kills by friends in the entire game.
 D = Other kills in this place as a percentage of other kills in the entire game.
 E = Experience gained in this place as a percentage of experience gained in the entire game.
 F = Experience gained in this place divided by the number of levels of this place that you have seen.
                   A       B       C       D       E      F
               +-------+-------+-------+-------+-------+----------------------
         Total | 100.0 | 100.0 |   N/A |   N/A | 100.0 |  14.0
       Dungeon | 100.0 | 100.0 |   N/A |   N/A | 100.0 |  14.0
               +-------+-------+-------+-------+-------+----------------------

Table legend: (Time is in decaauts)
 A = Elapsed time spent in this place.
 B = Non-inter-level travel time spent in this place.
 C = Inter-level travel time spent in this place.
 D = Time resting spent in this place.
 E = Time spent auto-exploring this place.
 F = Levels seen in this place.
 G = Mean time per level.
                   A        B        C        D        E       F      G
               +--------+--------+--------+--------+--------+-----+--------+
         Total |    399 |    399 |      0 |      0 |    347 |   1 |  399.0 |
       Dungeon |    399 |    399 |      0 |      0 |    347 |   1 |  399.0 |
               +--------+--------+--------+--------+--------+-----+--------+

Top non-repeatable levels by time:
     D:1: 399 daAuts
